Map: Eternal Empire LE

Players

SouLeer - Winner!

  • Race: Zerg Zerg
  • Spawn Location: 7:00

LiquidMaNa (MaNa)

  • Race: Protoss Protoss
  • League: Grandmaster
  • Spawn Location: 1:00

Event: DreamHack SC2 Masters 2020 Fall

VOD

Have the link to the VOD?

Description

Time

  • Played on: Sept. 2, 2020, 11:24 a.m.
  • Length: 15:41

All games in this series

Show
View Real Time Build Order
Export as new Build Order

SouLeer Zerg - Winner!

Build Orders: Hatch First 

Get SALT Encoding   

  12  0:00  Drone  
  13  0:12  Overlord  
  13  0:16  Drone  
  14  0:30  Drone x2  
  16  0:46  Drone  
  16  0:47  Drone  
  18  0:55  Hatchery  
  17  1:00  Extractor  
  16  1:10  Spawning Pool  
  15  1:14  Drone  
  15  1:17  Drone  
  17  1:21  Drone  
  18  1:30  Drone  
  19  1:41  Drone  
  20  1:51  Overlord  
  20  1:57  Queen  
  22  2:06  Queen  
  22  2:07  Zergling x4  
  26  2:11  Metabolic Boost  
  26  2:14  Zergling x2  
  27  2:18  Zergling x2  
  28  2:23  Zergling x2  
  29  2:41  Zergling x2  
  29  2:43  Zergling x2  
  31  2:44  Hatchery  
  31  2:47  Overlord  
  31  2:50  Zergling x2  
  31  2:53  Zergling x2  
  31  2:57  Zergling x2  
  33  3:02  Zergling x2  
  33  3:06  Zergling x4  
  33  3:09  Zergling x2  
  36  3:14  Spore Crawler  
  36  3:18  Zergling x8  
  40  3:28  Zergling x6  
  42  3:37  Overlord  
  42  3:38  Zergling x2  
  43  3:46  Zergling x2  
  43  3:51  Zergling x2  
  43  3:58  Zergling x10  
  43  3:59  Zergling x2  
  48  4:06  Zergling x2  
  48  4:09  Zergling x6  
  50  4:10  Zergling x2  
  50  4:13  Zergling x2  
  48  4:17  Zergling x2  
  48  4:21  Zergling x4  
  48  4:24  Zergling x2  
  48  4:30  Zergling x4  
  49  4:32  Zergling x2  
  47  4:39  Zergling x4  
  46  4:45  Zergling x6  
  46  4:51  Zergling x4  
  46  4:56  Zergling x4  
  46  4:58  Zergling x2  
  45  5:04  Zergling x4  
  41  5:15  Zergling x4  
  41  5:19  Drone x2  
  37  5:29  Drone  
  37  5:30  Drone  
  37  5:31  Queen  
  39  5:36  Drone x2  
  39  5:40  Drone  
  42  5:45  Queen  
  44  5:50  Overlord  
  44  5:54  Overlord  
  42  6:07  Queen  
  42  6:10  Drone x4  
  42  6:11  Drone  
  49  6:16  Drone x3  
  51  6:19  Drone  
  51  6:20  Drone  
  51  6:23  Drone  
  51  6:25  Drone  
  55  6:29  Drone  
  55  6:31  Spore Crawler  
  55  6:32  Drone  
  56  6:33  Drone  
  56  6:40  Drone  
  56  6:41  Overlord  
  55  6:47  Overlord  
  55  6:49  Drone x3  
  55  6:52  Drone  
  55  6:53  Drone, Overlord  
  57  6:59  Drone  
  57  7:00  Drone  
  57  7:07  Drone x4  
  59  7:09  Drone  
  59  7:14  Drone  
  58  7:18  Drone  
  59  7:24  Drone x2  
  59  7:29  Queen x2  
  65  7:30  Queen  
  65  7:32  Extractor  
  65  7:33  Drone x2  
  65  7:34  Extractor  
  67  7:37  Spore Crawler  
  67  7:40  Drone x3  
  69  7:48  Drone x2  
  69  8:01  Drone x3  
  69  8:03  Drone  
  69  8:04  Queen  
  75  8:09  Queen, Evolution Chamber  
  75  8:11  Extractor  
  75  8:12  Queen, Extractor  
  74  8:15  Drone x3  
  74  8:16  Spore Crawler  
  77  8:21  Overlord  
  77  8:22  Drone  
  77  8:29  Drone x2, Spore Crawler  
  77  8:35  Zerg Melee Weapons Level 1  
  77  8:36  Drone  
  77  8:39  Drone x7  
  81  8:44  Spore Crawler  
  81  8:45  Queen, Zergling x6  
  81  8:46  Zergling x2  
  81  8:47  Spore Crawler  
  85  8:50  Lair  
  85  8:52  Drone x2  
  87  8:56  Extractor, Zergling x4  
  87  8:59  Zergling x2  
  87  9:02  Baneling Nest  
  88  9:04  Zergling x2  
  88  9:09  Zergling x2  
  90  9:12  Overlord x3  
  90  9:31  Zergling x20  
  97  9:35  Zergling x2  
  93  9:39  Zergling x8  
  93  9:43  Zergling x2  
  88  9:54  Zergling x2  
  88  9:55  Zergling x4  
  88  9:59  Zergling x6  
  90  10:04  Spire  
  90  10:05  Drone x2  
  88  10:07  Centrifical Hooks  
  88  10:11  Zergling x8  
  91  10:15  Zergling x2  
  91  10:19  Drone  
  91  10:20  Drone  
  89  10:25  Drone  
  89  10:33  Drone x3  
  89  10:35  Drone x2  
  90  10:37  Drone, Extractor  
  90  10:40  Drone x2  
  90  10:41  Drone x2  
  94  10:47  Drone x2  
  96  10:54  Zerg Melee Weapons Level 2  
  96  11:05  Hatchery  
  96  11:06  Drone x2  
  96  11:10  Overseer  
  96  11:14  Overlord  
  96  11:30  Drone  
  96  11:31  Roach Warren  
  95  11:39  Zergling x22  
  104  11:40  Corruptor x4  
  104  11:45  Corruptor  
  114  11:50  Zerg Flyer Weapons Level 1  
  114  11:53  Corruptor  
  116  11:55  Drone x3  
  116  11:57  Baneling  
  116  12:01  Drone x3  
  121  12:02  Overlord  
  121  12:04  Overlord  
  121  12:09  Overlord  
  121  12:13  Overlord  
  120  12:15  Zergling x2  
  120  12:16  Zergling x2  
  120  12:18  Roach x3  
  120  12:21  Baneling x7  
  120  12:22  Baneling  
  126  12:26  Roach x2  
  126  12:28  Baneling x3  
  126  12:29  Baneling x3  
  130  12:33  Roach x2  
  134  12:40  Zergling x12  
  134  12:42  Zergling x4  
  132  12:44  Zergling x4  
  132  12:46  Zergling x4  
  132  12:49  Zergling x4  
  132  12:51  Zergling x4  
  126  12:52  Zergling x2  
  126  12:55  Zergling x4  
  126  12:58  Zergling x6  
  129  13:01  Zergling x6  
  129  13:05  Drone  
  128  13:13  Ravager x3  
  128  13:14  Glial Reconstitution, Ravager x3  
  128  13:16  Roach x2  
  128  13:17  Roach  
  139  13:20  Roach  
  139  13:21  Roach x2  
  139  13:26  Baneling x13  
  143  13:30  Drone x3  
  144  13:37  Zergling x2  
  144  13:38  Zergling x10  
  144  13:40  Zergling x2  
  144  13:41  Zergling x4  
  153  13:45  Zergling x6  
  150  13:51  Zergling x8  
  150  13:53  Zergling x4  
  142  13:56  Zergling x6  
  142  14:00  Zergling x4  
  138  14:08  Roach x5  
  130  14:14  Roach x3  
  133  14:18  Ravager  
  133  14:19  Ravager x5  
  133  14:21  Drone x4  
  133  14:22  Drone  
  144  14:25  Zergling x2  
  144  14:26  Zergling x2  
  144  14:31  Roach x2  
  150  14:32  Baneling x9  
  150  14:39  Baneling x9  
  150  14:40  Zergling x4  
  150  14:44  Zergling x6  
  155  14:50  Baneling x8  
  155  14:52  Ravager x4  
  158  14:53  Zergling x2  
  158  14:57  Baneling x5  
  159  15:01  Overlord x2  
  159  15:08  Baneling x3  
  159  15:14  Zergling x4  
  159  15:19  Zergling x2  
  159  15:20  Zergling x14  
  154  15:31  Hatchery  
Show
View Real Time Build Order
Export as new Build Order

LiquidMaNa Protoss 

Build Orders: 1 Gate Expand 

Get SALT Encoding   

  12  0:00  Probe  
  13  0:12  Probe  
  14  0:20  Pylon  
  14  0:24  Probe  
  15  0:38  Probe (Chrono Boost)  
  16  0:43  Gateway  
  16  0:48  Probe (Chrono Boost)  
  17  0:51  Assimilator  
  17  0:53  Probe (Chrono Boost)  
  18  1:05  Probe (Chrono Boost)  
  19  1:13  Probe (Chrono Boost)  
  21  1:27  Nexus  
  20  1:36  Cybernetics Core  
  20  1:39  Probe  
  21  1:47  Assimilator  
  21  1:51  Probe  
  22  1:55  Pylon  
  22  2:03  Probe  
  23  2:12  Adept (Chrono Boost)  
  25  2:16  Probe  
  26  2:28  Probe  
  27  2:30  Stargate  
  27  2:36  Stalker (Chrono Boost)  
  29  2:40  Probe  
  29  2:41  Probe  
  31  2:52  Probe  
  31  2:53  Probe  
  33  3:04  Probe  
  33  3:05  Probe  
  35  3:16  Probe  
  35  3:19  Gateway  
  39  3:20  Void Ray, Adept  
  42  3:28  Gateway  
  42  3:31  Shield Battery  
  40  3:36  Gateway  
  40  3:43  Pylon  
  40  3:46  Pylon  
  40  3:55  Pylon x2  
  40  3:57  Pylon  
  40  4:00  Void Ray  
  40  4:03  Gateway  
  44  4:11  Pylon  
  44  4:15  Pylon  
  44  4:25  Gateway  
  44  4:26  Pylon  
  44  4:30  Zealot  
  46  4:35  Void Ray (Chrono Boost)  
  42  4:52  Probe  
  42  4:58  Probe  
  41  5:05  Cybernetics Core  
  30  5:08  Probe  
  30  5:10  Probe  
  23  5:20  Probe  
  24  5:23  Probe  
  23  5:33  Probe (Chrono Boost)  
  23  5:35  Probe (Chrono Boost)  
  25  5:45  Probe (Chrono Boost)  
  25  5:48  Probe (Chrono Boost)  
  27  5:57  Warp Gate  
  27  6:01  Probe (Chrono Boost)  
  29  6:12  Probe x2 (Chrono Boost)  
  30  6:19  Probe (Chrono Boost)  
  32  6:28  Probe (Chrono Boost)  
  32  6:31  Probe (Chrono Boost)  
  33  6:36  Probe (Chrono Boost)  
  33  6:37  Probe (Chrono Boost)  
  34  6:46  Probe (Chrono Boost)  
  35  6:47  Probe (Chrono Boost)  
  36  6:59  Probe (Chrono Boost)  
  38  7:04  Probe (Chrono Boost)  
  38  7:07  Probe (Chrono Boost)  
  39  7:10  Probe (Chrono Boost)  
  39  7:14  Probe  
  41  7:22  Twilight Council, Probe  
  42  7:26  Probe  
  43  7:33  Robotics Facility  
  43  7:34  Probe  
  44  7:38  Probe  
  45  7:46  Probe  
  45  7:48  Adept x2  
  45  7:50  Probe  
  51  7:58  Probe  
  51  8:01  Resonating Glaives (Chrono Boost)  
  51  8:02  Probe  
  53  8:08  Adept x2  
  53  8:10  Probe  
  58  8:14  Probe  
  58  8:19  Warp Prism (Chrono Boost)  
  61  8:37  Nexus, Adept x2  
  65  8:45  Gateway  
  65  8:56  Probe x2 (Chrono Boost)  
  65  8:57  Adept x2  
  71  9:05  Pylon  
  71  9:08  Probe x2 (Chrono Boost)  
  73  9:17  Adept x2  
  73  9:18  Probe x2 (Chrono Boost)  
  73  9:21  Assimilator  
  73  9:22  Pylon  
  73  9:23  Assimilator  
  79  9:26  Probe  
  80  9:36  Probe  
  79  9:38  Probe  
  79  9:43  Adept x3  
  80  9:48  Probe  
  80  9:49  Probe  
  80  9:50  Probe  
  73  10:00  Probe  
  73  10:01  Probe  
  73  10:02  Probe  
  73  10:03  Adept x3  
  78  10:13  Probe x2  
  80  10:15  Probe  
  81  10:25  Probe x2  
  81  10:27  Probe  
  84  10:32  Adept x3  
  84  10:34  Templar Archives  
  84  10:35  Shield Battery  
  82  10:37  Charge (Chrono Boost), Probe  
  82  10:41  Gateway  
  79  10:42  Gateway  
  79  10:45  Gateway  
  79  10:47  Forge  
  79  10:49  Shield Battery  
  79  10:54  Pylon  
  79  10:55  Adept x2  
  79  10:56  Adept  
  85  10:59  Probe x3  
  85  11:01  Protoss Ground Weapons Level 1 (Chrono Boost)  
  89  11:11  Probe x2  
  89  11:12  Assimilator  
  89  11:13  Assimilator  
  89  11:15  Pylon  
  90  11:21  High Templar x2  
  90  11:22  Zealot  
  90  11:23  Probe x2  
  98  11:26  Archon  
  98  11:30  Probe  
  99  11:34  Gateway  
  99  11:35  Probe  
  99  11:37  Gateway  
  100  11:43  Zealot x4  
  108  11:56  High Templar x2  
  108  12:00  Archon  
  112  12:05  Zealot x3, Pylon  
  112  12:06  Zealot, Pylon  
  112  12:08  Pylon  
  120  12:22  Nexus  
  120  12:28  High Templar x4  
  120  12:29  Zealot x2, Probe x2  
  134  12:34  Probe  
  135  12:39  Archon  
  135  12:40  Archon  
  135  12:41  Probe  
  135  12:43  Zealot x2  
  135  12:44  Probe  
  127  12:46  Probe  
  127  12:49  Zealot x2  
  114  12:54  Probe  
  109  13:01  Blink  
  109  13:03  High Templar x3  
  109  13:04  Zealot x2, High Templar  
  111  13:14  Photon Cannon  
  111  13:16  Immortal (Chrono Boost), Pylon  
  111  13:17  Archon x2  
  111  13:18  Photon Cannon  
  107  13:33  Stalker x4  
  111  13:39  Stalker x4  
  119  13:42  Photon Cannon  
  119  13:53  Immortal (Chrono Boost)  
  111  13:57  Zealot x3  
  111  13:58  Probe  
  111  14:01  Zealot  
  104  14:11  Nexus  
  104  14:14  High Templar  
  104  14:15  High Templar, Sentry  
  110  14:20  Archon  
  110  14:24  Immortal (Chrono Boost)  
  110  14:31  Stalker  
  116  14:37  Gateway  
  116  14:40  High Templar x2  
  116  14:45  Archon  
  120  14:46  Void Ray (Chrono Boost)  
  120  14:48  Adept, Gateway  
  124  15:02  Warp Prism (Chrono Boost)  
  126  15:08  Zealot  

Tags
 
Add a new tag
Caveats
  • Supply blocks, unpowered buildings, or Contaminate may cause inaccurate times.
  • Supply counts are checked every 10 seconds.